General information
- name: BNet
- type: Ladder team game (AT/RT)
- host: Battle.net
- saver: lllove
map: MarketSquare
- players: 8
- length: 04:44
- speed: Fast
- version: 1.26 W3XP
- replay type: Public
» download(34 KB)
Players
team 1 (winner)

»
Canada.Eh (
green | 46 APM | 216 actions | 04:44)
1 Mountain King
1 Thunder Clap
» actions
| Assign group hotkey | 7 | |
| Basic commands | 2 | |
| Build / train | 23 | |
| ESC pressed | 1 | |
| Enter build submenu | 8 | |
| Enter hero's abilities submenu | 1 | |
| Right click | 47 | |
| Select / deselect | 38 | |
| Select group hotkey | 77 | |
| Use ability | 12 | |
216 total
» units
» buildings
| Farm | 6 | |
| Barracks | 1 | |
| Altar of Kings | 1 | |
8 total
» build order
00:22 Farm
00:39 Barracks
00:57 Altar of Kings
01:02 Farm
01:43 Farm
02:24 Farm
03:16 Farm
03:58 Farm
mark3679 (
pink | 29 APM | 137 actions | 04:44)
1 Mountain King
1 Storm Bolt
» actions
| Build / train | 19 | |
| Enter build submenu | 10 | |
| Enter hero's abilities submenu | 1 | |
| Remove unit from queue | 1 | |
| Right click | 38 | |
| Select / deselect | 56 | |
| Use ability | 12 | |
137 total
» units
» buildings
| Lumber Mill | 1 | |
| Farm | 3 | |
| Altar of Kings | 1 | |
| Barracks | 1 | |
| Blacksmith | 1 | |
| Scout Tower | 2 | |
| Guard Tower | 2 | |
11 total
» build order
00:21 Lumber Mill
00:33 Farm
00:45 Altar of Kings
00:58 Barracks
01:33 Farm
02:19 Blacksmith
03:07 Farm
03:24 Scout Tower
03:28 Scout Tower
03:55 Guard Tower
04:08 Guard Tower
FFFFLLLLKp0 (
blue | 90 APM | 428 actions | 04:44)
1 Naga Sea Witch
1 Frost Arrows
» actions
| Assign group hotkey | 5 | |
| Basic commands | 14 | |
| Build / train | 22 | |
| Enter build submenu | 9 | |
| Enter hero's abilities submenu | 1 | |
| Right click | 190 | |
| Select / deselect | 141 | |
| Select group hotkey | 26 | |
| Use ability | 20 | |
428 total
» units
» buildings
| Lumber Mill | 1 | |
| Altar of Kings | 1 | |
| Scout Tower | 6 | |
| Guard Tower | 6 | |
| Farm | 1 | |
| Arcane Tower | 3 | |
18 total
» build order
00:07 Lumber Mill
00:50 Altar of Kings
01:08 Scout Tower
01:21 Guard Tower
01:21 Guard Tower
01:30 Scout Tower
01:40 Scout Tower
02:06 Guard Tower
02:07 Guard Tower
02:16 Guard Tower
02:37 Scout Tower
02:39 Farm
03:08 Arcane Tower
03:08 Arcane Tower
03:18 Scout Tower
03:55 Arcane Tower
04:44 Scout Tower
Blue_smurf_Papa (
yellow | 41 APM | 194 actions | 04:44)
2 Blademaster
1 Wind Walk
1 Critical Strike
» actions
| Assign group hotkey | 15 | |
| Build / train | 28 | |
| Enter build submenu | 6 | |
| Enter hero's abilities submenu | 2 | |
| Right click | 46 | |
| Select / deselect | 29 | |
| Select group hotkey | 51 | |
| Use ability | 17 | |
194 total
» units
» buildings
| Altar of Storms | 1 | |
| Orc Burrow | 2 | |
| Voodoo Lounge | 1 | |
| War Mill | 1 | |
| Watch Tower | 3 | |
8 total
» build order
00:10 Altar of Storms
00:13 Orc Burrow
01:23 Voodoo Lounge
01:48 Orc Burrow
02:17 War Mill
04:19 Watch Tower
04:19 Watch Tower
04:20 Watch Tower
» items
| Healing Salve | 5 | |
| Lesser Clarity Potion | 4 | |
| Circlet of Nobility | 1 | |
| Boots of Speed | 2 | |
12 total
team 2 (loser)
lllove (
red | 39 APM | 187 actions | 04:44)
1 Blood Mage
1 Flame Strike
» actions
| Assign group hotkey | 5 | |
| Basic commands | 2 | |
| Build / train | 17 | |
| Enter build submenu | 8 | |
| Enter hero's abilities submenu | 1 | |
| Right click | 75 | |
| Select / deselect | 66 | |
| Select group hotkey | 4 | |
| Use ability | 9 | |
187 total
» units
» buildings
| Altar of Kings | 1 | |
| Barracks | 1 | |
| Farm | 4 | |
| Keep | 1 | |
| Arcane Vault | 1 | |
| Lumber Mill | 1 | |
9 total
» build order
00:51 Altar of Kings
00:53 Barracks
00:55 Farm
01:04 Farm
01:06 Farm
01:48 Farm
03:16 Keep
03:41 Arcane Vault
04:10 Lumber Mill

»
m0xxa (
orange | 124 APM | 586 actions | 04:44)
1 Keeper of the Grove
1 Entangling Roots
» actions
| Assign group hotkey | 47 | |
| Build / train | 18 | |
| Enter build submenu | 4 | |
| Enter hero's abilities submenu | 1 | |
| Right click | 205 | |
| Select / deselect | 65 | |
| Select group hotkey | 223 | |
| Use ability | 23 | |
586 total
» units
» buildings
| Altar of Elders | 1 | |
| Moon Well | 2 | |
| Ancient of War | 1 | |
| Tree of Ages | 3 | |
7 total
» build order
00:22 Altar of Elders
00:25 Moon Well
00:36 Ancient of War
01:50 Moon Well
03:18 Tree of Ages
03:18 Tree of Ages

»
LeShen (
teal | 29 APM | 139 actions | 04:44)
» actions
| Basic commands | 2 | |
| Build / train | 10 | |
| Enter build submenu | 7 | |
| Remove unit from queue | 1 | |
| Right click | 53 | |
| Select / deselect | 60 | |
| Use ability | 6 | |
139 total
» units
» upgrades
» buildings
| Crypt | 2 | |
| Altar of Darkness | 2 | |
| Ziggurat | 1 | |
| Graveyard | 1 | |
6 total
» build order
00:05 Crypt
00:15 Altar of Darkness
00:21 Crypt
00:46 Ziggurat
04:05 Altar of Darkness
04:44 Graveyard

»
theonepercent (
purple | 78 APM | 372 actions | 04:44)
1 Archmage
1 Summon Water Elemental
» actions
| Assign group hotkey | 34 | |
| Basic commands | 6 | |
| Build / train | 26 | |
| Enter build submenu | 10 | |
| Enter hero's abilities submenu | 1 | |
| Right click | 138 | |
| Select / deselect | 73 | |
| Select group hotkey | 55 | |
| Use ability | 29 | |
372 total
» units
» buildings
| Altar of Kings | 1 | |
| Farm | 5 | |
| Barracks | 1 | |
| Scout Tower | 1 | |
8 total
» build order
00:24 Altar of Kings
00:43 Farm
01:10 Barracks
01:17 Farm
02:13 Farm
02:14 Farm
02:21 Farm
02:53 Scout Tower
Chat log
(00:10 / Allies) m0xxa: i'm rushing middle
(00:35 / All) Blue_smurf_Papa: here it cums
(00:38 / All) theonepercent: wow no one left
(00:40 / All) theonepercent: or afk
(00:42 / All) Blue_smurf_Papa: oh yes blue mh you real good lol
(00:46 / Allies) m0xxa: use ur ghoul
(00:48 / Allies) theonepercent: nvm
(00:59 / Allies) lllove: rush blue he's fucked himself
(01:00 / Allies) m0xxa: teal i'm on my way
(01:01 / Allies) theonepercent: oj help him
(01:01 / Allies) LeShen: help
(01:02 / All) Blue_smurf_Papa: lol he attacking ghoul and not bulding
(01:11 / All) Blue_smurf_Papa: hero rush blue back
(01:14 / All) Blue_smurf_Papa: he has nothing and no defense
(01:16 / All) Blue_smurf_Papa: you got it
(01:18 / Allies) m0xxa: attack workers
(01:22 / Allies) m0xxa: kill workers
(01:25 / Allies) m0xxa: attack workers
(01:26 / Allies) m0xxa: not tower
(01:30 / Allies) lllove: kill the peons not the tower
(01:36 / All) Blue_smurf_Papa: 2 cyrpts?
(01:37 / Allies) m0xxa: well
(01:37 / Allies) lllove: send your ghoul there immediately
(01:38 / Allies) m0xxa: we lost
(01:44 / Allies) theonepercent: ..
(01:44 / Allies) LeShen: ehl
(01:48 / Allies) theonepercent: no we didnt
(01:52 / All) Blue_smurf_Papa: just leave teal
(01:54 / Allies) LeShen: hepl
(01:55 / Allies) m0xxa: he's not attacking the workers
(01:57 / Allies) lllove: upgrade zig
(02:03 / Allies) theonepercent: help hjim asap
(02:04 / Allies) m0xxa: see
(02:05 / Allies) theonepercent: amnd we be fine
(02:05 / Allies) lllove: man I just told yo ustop attacking the tower
(02:07 / Allies) m0xxa: teal is not doing it right
(02:08 / Allies) theonepercent: its just 1 tower...
(02:09 / Allies) lllove: you gotta kill the peons
(02:18 / Allies) lllove: retard
(02:19 / Allies) m0xxa: KILL THE WORKERS
(02:35 / Allies) LeShen: gold
(02:41 / Allies) m0xxa: SEE
(02:43 / Allies) m0xxa: TEAL SUCKS
(02:48 / Allies) lllove: HE CAN REPAIR THE TOEWR FASTER THAT YOU CAN KILL TI MORON
(02:49 / All) Blue_smurf_Papa: and thats how mpa hack wins games
(02:50 / All) Blue_smurf_Papa: now leave
(02:53 / Allies) lllove: oh god
(03:16 / Allies) LeShen: ty
(03:25 / Allies) LeShen: go after him
(03:29 / Allies) lllove: upgrade zig
(03:30 / Allies) theonepercent: tp to me
(03:31 / Allies) theonepercent: to me
(03:45 / Allies) theonepercent: wtf
(03:46 / Allies) theonepercent: hgelp me
(03:55 / All) Blue_smurf_Papa: focus on blue sworkers
(03:55 / Allies) LeShen: wood
(03:57 / All) Blue_smurf_Papa: he not milita
(04:01 / All) Blue_smurf_Papa: so thyey die fast
(04:06 / Allies) lllove: I'm sick of getting retarded games
(04:12 / Allies) theonepercent: thx captain obvious
(04:36 / Allies) lllove: well there goes purple